 Dungeon Crawl Stone Soup version 0.24-a0-189-g5d897e9 (webtiles) character file.

Game seed: 8467882731969870911

455 Lanoc the Shield-Bearer (level 7, -9/55 HPs)
             Began as a Formicid Fighter on Mar 18, 2019.
             Mangled by an ogre
             ... wielding a +0 giant spiked club
              (23 damage)
             ... on level 4 of the Dungeon.
             The game lasted 00:03:59 (1335 turns).

Lanoc the Shield-Bearer (Formicid Fighter)          Turns: 1335, Time: 00:04:00

Health: -9/55      AC:  7    Str: 20    XL:     7   Next: 26%
Magic:  7/7        EV:  9    Int:  8    God:
Gold:   94         SH: 10    Dex: 12    Spells: 6/6 levels left

rFire    . . .     SeeInvis +   i - +1 war axe (pain)
rCold    . . .     Gourm    .   c - +0 shield
rNeg     . . .     Faith    .   b - +0 scale mail
rPois    +         Spirit   .   (helmet unavailable)
rElec    .         Reflect  .   (no cloak)
rCorr    .         Harm     .   (no gloves)
MR       .....                  (no boots)
Stlth    ..........             (no amulet)
HPRegen  0.18/turn              a - ring of poison resistance
MPRegen  0.10/turn              n - ring of flight

@: no status effects
A: permanent stasis, dig shafts and tunnels, four strong arms, antennae 3
a: Dig, Shaft Self, Evoke Flight


You were on level 4 of the Dungeon.
You were not hungry.

You visited 1 branch of the dungeon, and saw 4 of its levels.

You collected 94 gold pieces.

Inventory:

Hand Weapons
 i - a +1 war axe of pain (weapon)
Armour
 b - a +0 scale mail (worn)
 c - a +0 shield (worn)
Jewellery
 a - a ring of poison resistance (left hand)
 n - a ring of flight (right hand)
Scrolls
 e - 2 scrolls of fog {unknown}
 j - a scroll of immolation {unknown}
 k - 2 scrolls of enchant armour {unknown}
 m - a scroll of identify {unknown}
Potions
 d - a potion of brilliance {unknown}
 g - 2 potions of agility {unknown}
Comestibles
 f - 8 rations
 l - 11 chunks of flesh


   Skills:
 + Level 4.5 Fighting
 * Level 4.5 Axes
 + Level 4.5 Armour
 + Level 2.2 Dodging
 + Level 5.1 Shields


You had 6 spell levels left.
You didn't know any spells.
Your spell library was empty.

Dungeon Overview and Level Annotations

Branches:
Dungeon (4/15)
 Temple: D:4-7

Altars:
Hepliaklqana


Innate Abilities, Weirdness & Mutations

You cannot be hasted, slowed, berserked, paralysed or teleported.
You can dig through walls and to a lower floor.
Your four strong arms can wield two-handed weapons with a shield.
You have a pair of large antennae on your head. (SInv)


Message History

Found a purple potion.
Found a stone staircase leading down.
The ogre barely misses you.
You slash the ogre!
The ogre is moderately wounded.
The ogre hits you with a +0 giant spiked club!
Your shield and scale mail prevent you from hitting the ogre.
The ogre is moderately wounded.
The ogre hits you with a +0 giant spiked club!!
Ouch! That really hurt!
* * * LOW HITPOINT WARNING * * *
You are too injured to fight recklessly!
There is a stone staircase leading down, spattered with blood here.
You hit the ogre.
The ogre is heavily wounded.
You block the ogre's attack.
Your scale mail prevents you from hitting the ogre.
The ogre is heavily wounded.
The ogre hits you with a +0 giant spiked club!!
You die...

. #. ...##. ..#.# # .
#.###...... #.#.##
#.#.#... ...... #.#...
##...#%.##...... #.###.
#............###### #.#...
#+##.........#....###†#'##
........>†...#.##...†.....
....####O###.#.######.....
... +....@...#......+.....
>. ####..#.##.....##.....
. +.......##.######.....
####.#...#...>.##.....
#.#......##.##.....
#.#.......# ######
#.####.#..# #$ .......
########+


You could see an ogre.

Vanquished Creatures
  Sigmund (D:3)
  3 orc wizards
  2 worker ants (D:4)
  Robin (D:3)
  3 gnolls (D:3)
  2 adders (D:3)
  An ooze (D:2)
  2 worms
  A dart slug (D:3)
  2 leopard geckos (D:3)
  11 orcs
  4 giant cockroaches
  12 goblins
  6 hobgoblins
  7 jackals
  2 quokkas (D:3)
  A ball python (D:3)
  6 bats
  A frilled lizard (D:3)
  7 kobolds
  4 rats
79 creatures vanquished.

Notes
Turn   | Place    | Note
-------+----------+-------------------------------------------
     0 | D:1      | Lanoc the Formicid Fighter began the quest for the Orb.
     0 | D:1      | Reached XP level 1. HP: 18/18 MP: 1/1
   133 | D:1      | Reached XP level 2. HP: 24/24 MP: 2/2
   220 | D:2      | Reached XP level 3. HP: 22/29 MP: 3/3
   317 | D:2      | Found a hazy altar of Hepliaklqana.
   332 | D:3      | Noticed Sigmund
   343 | D:3      | Killed Sigmund
   343 | D:3      | Reached skill level 1 in Dodging
   343 | D:3      | Reached skill level 4 in Shields
   343 | D:3      | Reached XP level 4. HP: 37/37 MP: 4/4
   343 | D:3      | Reached XP level 5. HP: 42/42 MP: 5/5
   358 | D:3      | Reached XP level 6. HP: 42/48 MP: 6/6
  1061 | D:3      | Noticed Robin
  1073 | D:3      | Killed Robin
  1073 | D:3      | Reached XP level 7. HP: 43/55 MP: 7/7
  1267 | D:4      | Reached skill level 5 in Shields
  1335 | D:4      | Mangled by an ogre

Levels and vault maps discovered:
D:1:      minmay_arrival_nine_rooms, layout_loops_cross,
          minmay_misc_feat_encased, item_on_display_a
D:2:      layout_rooms, nicolae_overflow_crystal_walls, first_ration,
          hangedman_glass_teeth, uniq_crazy_yiuf_cottage
D:3:      layout_rooms, uniq_robin, uniq_sigmund
D:4:      layout_basic, chequers_arboretum

Skill      XL: |  1  2  3  4  5  6  7 |
---------------+----------------------+-----
Fighting       | 4 |  4.5
Axes           | 3 4 |  4.5
Armour         | 4 |  4.5
Dodging        | 1 2 |  2.2
Shields        | 4 5 |  5.1

Action                   |  1- 3 |  4- 6 |  7- 9 || total
-------------------------+-------+-------+-------++-------
Melee: War axe           |    61 |    93 |    29 ||   183
  Use: Potion            |     1 |       |       ||     1
  Eat: Chunk             |       |       |     2 ||     2
Armor: Scale mail        |    30 |    48 |    11 ||    89
Dodge: Dodged            |    23 |    58 |    10 ||    91
Block: Shield            |    44 |    89 |     4 ||   137

Table legend:
 A = Non-vault XP
 B = Vault XP
 C = Vault XP percentage of total XP
 D = Non-vault monster count
 E = Vault monster count
 F = Vault count percentage of total count
                 A         B        C        D         E       F
            +---------+---------+-------+---------+---------+-------
      Total |     384 |     267 |  41.0 |      67 |      12 |  15.2
            +---------+---------+-------+---------+---------+-------
        D:1 |      12 |       0 |   0.0 |       8 |       0 |   0.0
        D:2 |      23 |       0 |   0.0 |       9 |       0 |   0.0
        D:3 |     219 |     267 |  54.9 |      39 |      12 |  23.5
        D:4 |     130 |       0 |   0.0 |      11 |       0 |   0.0
            +---------+---------+-------+---------+---------+-------
